 Dungeon Crawl Stone Soup version 0.23-b1-70-gd12f7cf (webtiles) character file.

Game seed: 7016220436574147857

84 Yuikono the Distorting Demonspawn (level 4, -3/37 HPs)
             Began as a Demonspawn Abyssal Knight on Feb 6, 2019.
             Was a Believer of Lugonu.
             Slain by Sigmund the bullfrog (5 damage)
             ... on level 3 of the Dungeon.
             The game lasted 00:05:57 (2654 turns).

Yuikono the Distorting Demonspawn (DsAK)            Turns: 2654, Time: 00:05:57

Health: -3/37      AC:  3    Str: 13    XL:     4   Next: 24%
Magic:  7/7        EV: 11    Int: 14    God:    Lugonu [**....]
Gold:   94         SH:  0    Dex: 14    Spells: 3/3 levels left

rFire    . . .     SeeInvis +   a - +1 spear
rCold    . . .     Gourm    .   (no shield)
rNeg     . . .     Faith    .   b - +0 leather armour
rPois    .         Spirit   .   (no helmet)
rElec    .         Reflect  .   (no cloak)
rCorr    .         Harm     .   (no gloves)
MR       .....                  (no boots)
Stlth    ++........             (no amulet)
HPRegen  0.12/turn              h - ring of see invisible
MPRegen  0.10/turn              (no ring)

@: no status effects
A: thin skeletal structure 1
a: Depart the Abyss, Bend Space, Renounce Religion


You were on level 3 of the Dungeon.
You worshipped Lugonu.
Lugonu was pleased with you.
You were very hungry.

You visited 1 branch of the dungeon, and saw 3 of its levels.
You visited the Abyss 1 time.

You collected 94 gold pieces.

Inventory:

Hand Weapons
 a - a +1 spear (weapon)
 r - a +2 hunting sling of freezing
Missiles
 d - 118 stones (quivered)
 f - 15 poisoned needles
 m - 27 bolts
 o - 9 sling bullets
 p - 18 arrows
Armour
 b - a +0 leather armour (worn)
 s - a +0 pair of gloves
Jewellery
 h - a ring of see invisible (left hand)
Wands
 e - a wand of polymorph (4)
Scrolls
 g - a scroll of fear {unknown}
 i - 2 scrolls of identify {unknown}
 j - a scroll of remove curse {unknown}
 k - a scroll of noise {unknown}
 l - 2 scrolls of enchant weapon
 n - 2 scrolls of teleportation {unknown}
Potions
 q - 2 potions of curing {unknown}
 t - a potion of brilliance {unknown}
 u - a potion of degeneration {unknown}
Comestibles
 c - 2 rations


   Skills:
 + Level 3.8 Fighting
 + Level 2.7 Polearms
 - Level 1.7 Armour
 - Level 0.8 Dodging
 + Level 4.0 Invocations


You had 3 spell levels left.
You didn't know any spells.
Your spell library was empty.

Dungeon Overview and Level Annotations

Branches:
Dungeon (3/15)

Altars:
Ashenzari
Nemelex Xobeh

Annotations:
D:3 Sigmund


Innate Abilities, Weirdness & Mutations

You have a somewhat thin skeletal structure. (Dex +2, Stealth)


Message History

* * * LOW HITPOINT WARNING * * *
You hit Sigmund.
Sigmund is severely wounded.
Sigmund hits you.
* * * LOW HITPOINT WARNING * * *
You closely miss Sigmund.
Sigmund is severely wounded.
Sigmund barely misses you. Sigmund hits you.
* * * LOW HITPOINT WARNING * * *
Okay, then.
Okay, then.
You closely miss Sigmund.
Sigmund is severely wounded.
Sigmund barely misses you.
Unknown command.
You hit Sigmund.
Sigmund is almost dead.
Sigmund releases a deep croak.
Sigmund hits you but does no damage. Sigmund hits you.
You die...

######### .)(.(gF.# #@#
#. #.# #.#
######.####### #.####
#.........)...####.##.##
#.#####.........#.......
#..####.#.#...###.
#..#.........##...
#..#.##.#.......#.
.####..#.##......#.#.#


You could see Sigmund the bullfrog and a hobgoblin.

Vanquished Creatures
  5 worms (D:2)
  5 dart slugs
  3 leopard geckos
  4 giant cockroaches
  3 goblins
  8 hobgoblins
  3 jackals (D:2)
  5 kobolds
  9 bats
  7 frilled lizards
  3 rats (D:2)
55 creatures vanquished.

Notes
Turn   | Place    | Note
-------+----------+-------------------------------------------
     0 | Abyss:1  | Yuikono the Demonspawn Abyssal Knight began the quest for
                  | the Orb.
     0 | Abyss:1  | Reached XP level 1. HP: 18/18 MP: 2/2
    41 | Abyss:3  | Noticed a large abomination
    46 | Abyss:3  | Noticed a lich
    46 | Abyss:3  | Noticed a dire elephant zombie
    52 | D:1      | Escaped the Abyss
   532 | D:1      | Gained mutation: You have a somewhat thin skeletal
                  | structure. (Dex +2, Stealth) [demonic ancestry]
   532 | D:1      | Reached XP level 2. HP: 24/24 MP: 4/4
   589 | D:1      | Reached skill level 3 in Invocations
   956 | D:1      | Reached * piety under Lugonu
  1079 | D:1      | Reached XP level 3. HP: 23/29 MP: 5/5
  1869 | D:2      | Reached XP level 4. HP: 34/37 MP: 6/6
  1931 | D:2      | Found a sparkling altar of Nemelex Xobeh.
  1956 | D:2      | Reached ** piety under Lugonu
  2089 | D:2      | Found a shattered altar of Ashenzari.
  2110 | D:2      | Reached skill level 4 in Invocations
  2639 | D:3      | Noticed Sigmund
  2642 | D:3      | Noticed Sigmund
  2642 | D:3      | Sigmund changed into Sigmund the bullfrog
  2652 | D:3      | HP: 1/37 [Sigmund the bullfrog (5)]
  2654 | D:3      | Slain by Sigmund the bullfrog

Skill      XL: |  1  2  3  4 |
---------------+-------------+-----
Polearms       | 2 |  2.7
Invocations    | 3 4 |  4.0
Fighting       | |  3.8
Armour         | |  1.7
Dodging        | |  0.8

Action                   |  1- 3 |  4- 6 || total
-------------------------+-------+-------++-------
Melee: Spear             |   104 |     9 ||   113
 Fire: Hunting sling     |    51 |    26 ||    77
Invok: Depart the Abyss  |     1 |       ||     1
Evoke: Wand              |       |     3 ||     3
  Use: Scroll            |     1 |       ||     1
 Stab: Sleeping          |     4 |       ||     4
  Eat: Chunk             |     2 |     2 ||     4
Armor: Leather armour    |    31 |     4 ||    35
Dodge: Dodged            |    57 |     9 ||    66
